 Dungeon Crawl Stone Soup version 0.24.0-28-g17ded55e90 (webtiles) character file.

Game seed: 853740581834375273, levelgen mode: deterministic

6379 Delamore the Severer (level 10, -7/127 (129) HPs)
             Began as a Hill Orc Fighter on Nov 11, 2019.
             Was a Priest of Qazlal.
             Mangled by a minotaur
             ... wielding a +5 morningstar of distortion
              (28 damage)
             ... in a Gauntlet.
             The game lasted 00:21:46 (9295 turns).

Delamore the Severer (Hill Orc Fighter)             Turns: 9295, Time: 00:21:47

HP:   -7/127 (129)  AC: 25    Str: 31      XL:     10   Next: 97%
MP:   10/10         EV:  2    Int:  4 (8)  God:    Qazlal [***...]
Gold: 361           SH:  4    Dex: 10      Spells: 9/9 levels left

rFire    . . .     SeeInvis .   L - +3 battleaxe (vamp)
rCold    . . .     Gourm    .   (shield currently unavailable)
rNeg     + + +     Faith    +   (armour currently unavailable)
rPois    +         Spirit   .   (helmet currently unavailable)
rElec    .         Reflect  .   (cloak currently unavailable)
rCorr    +         Harm     .   (gloves currently unavailable)
MR       .....     NoTele   +   (boots currently unavailable)
Stlth    ++........             v - amulet of faith
HPRegen  0.31/turn              x - ring of Boumicve {Str+3 Stlth+}
MPRegen  0.12/turn              E - ring of resist corrosion

@: mighty, tree-form
A: no striking features
a: Upheaval, Elemental Force, Renounce Religion


You were in a Gauntlet.
You worshipped Qazlal.
Qazlal was most pleased with you.
You were not hungry.
You were a tree.
You visited 3 branches of the dungeon, and saw 10 of its levels.
You also visited: Bailey and Gauntlet.

You collected 830 gold pieces.
You spent 469 gold pieces at shops.

Inventory:

Hand Weapons
 r - a +1 war axe of freezing
 L - a +3 vampiric battleaxe (weapon)
Missiles
 t - 4 curare-tipped darts (quivered)
 P - 8 silver boomerangs
Armour
 b - a +0 pair of gloves of archery
 i - a +2 pair of gloves of strength (melded)
 m - a +0 plate armour (melded)
 o - a +0 cloak (melded)
 O - the +3 crown of Dyrovepreva (melded) {rElec Int+2 SInv}
   (You found it in a Gauntlet)

   It affects your intelligence (+2).
   It insulates you from electricity.
   It lets you see invisible.
Jewellery
 v - an amulet of faith (around neck)
 x - the ring of Boumicve (left branch) {Str+3 Stlth+}
   (You found it on level 4 of the Dungeon)

   [ring of stealth]

   It affects your strength (+3).
   It makes you more stealthy.
 y - an uncursed ring of positive energy
 A - an uncursed ring of protection from cold
 E - a ring of resist corrosion (right branch)
 J - an uncursed ring of see invisible
 K - an uncursed ring of protection from fire
Wands
 h - a wand of clouds (6)
 z - a wand of scattershot (3)
 F - a wand of disintegration (7)
 G - a wand of digging (5)
 I - a wand of iceblast (8)
 M - a wand of polymorph (14)
Scrolls
 c - 2 scrolls of fear
 e - 2 scrolls of immolation
 j - 7 scrolls of remove curse
 l - a scroll of noise
 n - a scroll of blinking
 p - 4 scrolls of identify
 s - 2 scrolls of amnesia
 C - a scroll of enchant weapon
 D - 6 scrolls of teleportation
 N - a scroll of fog
Potions
 d - 2 potions of might
 g - 2 potions of curing
 k - 3 potions of berserk rage
 q - a potion of resistance
 u - a potion of lignification
 w - 4 potions of brilliance
 B - 2 potions of mutation {unknown}
 H - 2 potions of haste {unknown}
Miscellaneous
 a - a lightning rod (4/4)
 Q - a fan of gales
Comestibles
 f - 9 rations


   Skills:
 + Level 7.2 Fighting
 + Level 18.4 Axes
 - Level 3.2 Armour
   Level 3.2 Shields


You had 9 spell levels left.
You didn't know any spells.
Your spell library contained the following spells:

 Spells                   Type           Power        Failure   Level  Hunger
 Beastly Appendage        Tmut           #.....       50%         1    ##.....
 Corona                   Hex            #......      50%         1    ##.....
 Ensorcelled Hibernation  Hex/Ice        #.....       65%         2    ###....
 Sticks to Snakes         Tmut           #.......     65%         2    ###....
 Confuse                  Hex            #.......     86%         3    ####...
 Dazzling Spray           Conj/Hex       #.....       86%         3    ####...
 Spider Form              Tmut/Pois      #.........   86%         3    ####...
 Tukima's Dance           Hex            #.......     86%         3    ####...
 Ice Form                 Ice/Tmut       #.......     99%         4    #####..
 Blade Hands              Tmut           #.........   100%        5    ######.


Dungeon Overview and Level Annotations

Branches:
Dungeon (8/15)             Temple (1/1) D:4            Lair (1/6) D:8
 Bailey (visited)         Gauntlet (1/1)

Altars:
Cheibriados
Gozag
Hepliaklqana
Nemelex Xobeh
Okawaru
Qazlal
Sif Muna
Trog
Uskayaw
Vehumet
Xom
Yredelemnul

Shops:
D:5 *(   D:8 (

Annotations:
Gauntlet 6 transporters


Message History

It was a potion of lignification.
You turn into a tree.
Your +0 cloak melds into your body.
The +3 crown of Dyrovepreva {rElec Int+2 SInv} melds into your body.
Your +2 pair of gloves of strength melds into your body.
Your +0 plate armour melds into your body.
You feel weaker.
Your roots penetrate the ground.
You slash the minotaur!
The minotaur is severely wounded.
The minotaur hits you with a +5 morningstar of distortion!
* * * LOW HITPOINT WARNING * * *
Space bends around you.
* * * LOW HITPOINT WARNING * * *
You block the minotaur's attack.
You hit the minotaur but do no damage.
The minotaur is severely wounded.
You slash the minotaur!
You feel better.
The minotaur is almost dead.
The minotaur hits you with a +5 morningstar of distortion!!
You die...

###############################
#8# #§...............§# #8# ###
#8§8.8..©.©..8.8.8# ###
#§§..............≈#
###.#.#######.#.###
#.#....#....#.# #.#.##.#.##.#.#
#......(......# #.#..##♣##..#.#
#.#..#8H8# # #....#.(.#
###8.#8.8# ####=.)# #8.8# #:.}#
#8∩8#


You could see a minotaur.

Vanquished Creatures
  A death ooze (Gauntlet)
  An orange crystal statue (Gauntlet)
  An orc knight (Bailey)
  3 slime creatures (Gauntlet)
  A hippogriff (D:8)
  3 shadows (Gauntlet)
  A hungry ghost (D:8)
  3 orc warriors
  2 ice beasts
  A sky beast (D:6)
  2 phantoms
  2 ogres
  5 centaurs
  A crocodile (Lair:1)
  6 bullfrogs
  A scorpion (D:5)
  5 killer bees (D:7)
  5 wights (D:7)
  2 howler monkeys
  A centaur zombie (D:8)
  2 centaur skeletons (D:8)
  3 hounds
  2 orc priests
  A gnoll shaman (D:1)
  2 jellies
  2 bullfrog skeletons (D:4)
  7 orc wizards
  4 worker ants
  2 hound skeletons
  A hound zombie (D:2)
  9 gnolls
  A worker ant zombie (D:8)
  A howler monkey skeleton (D:7)
  7 adders
  A shadow imp (D:6)
  2 adder zombies
  An adder skeleton (D:5)
  3 worms
  3 leopard geckos
  26 orcs
  8 bats
  9 giant cockroaches
  14 goblins
  8 hobgoblins
  8 jackals
  5 quokkas
  A ball python (D:5)
  8 frilled lizards
  A giant cockroach zombie (D:6)
  A jackal skeleton (D:7)
  7 kobolds
  2 quokka skeletons
  7 rats
206 creatures vanquished.

Notes
Turn   | Place    | Note
-------+----------+-------------------------------------------
     0 | D:1      | Delamore the Hill Orc Fighter began the quest for the Orb.
     0 | D:1      | Reached XP level 1. HP: 19/19 MP: 1/1
    17 | D:1      | Reached skill level 3 in Axes
    90 | D:1      | Reached XP level 2. HP: 17/26 MP: 2/2
   282 | D:1      | Reached skill level 4 in Axes
   764 | D:1      | Reached skill level 5 in Axes
   764 | D:1      | Reached XP level 3. HP: 14/31 MP: 3/3
   936 | D:1      | Reached XP level 4. HP: 35/39 MP: 4/4
   971 | D:2      | Reached skill level 6 in Axes
  1378 | D:2      | Reached XP level 5. HP: 43/45 MP: 5/5
  1486 | D:2      | Reached skill level 7 in Axes
  1991 | D:3      | Reached skill level 8 in Axes
  2075 | D:3      | Reached XP level 6. HP: 47/51 MP: 6/6
  2253 | D:3      | Found a transporter.
  2275 | D:3      | Found a transporter.
  3167 | D:4      | Reached skill level 9 in Axes
  3220 | D:4      | Found a staircase to the Ecumenical Temple.
  3230 | Temple   | Entered the Ecumenical Temple
  3269 | Temple   | Became a worshipper of Qazlal Stormbringer
  3349 | D:4      | Reached XP level 7. HP: 57/57 MP: 7/7
  3501 | D:4      | Got a flickering silver ring
  3589 | D:4      | Identified the ring of Boumicve {Str+3 Stlth+} (You found
                  | it on level 4 of the Dungeon)
  3623 | D:5      | Entered Level 5 of the Dungeon
  3666 | D:5      | Reached skill level 10 in Axes
  4139 | D:5      | Reached skill level 11 in Axes
  4156 | D:5      | Found Gozxos's General Store.
  4160 | D:5      | Bought a scroll of identify for 28 gold pieces
  4186 | D:5      | Found Luzuin's Weapon Shoppe.
  4752 | D:6      | Reached XP level 8. HP: 64/64 MP: 8/8
  4953 | D:6      | Reached skill level 12 in Axes
  4994 | D:6      | Reached * piety under Qazlal
  5185 | D:6      | Reached skill level 13 in Axes
  5920 | D:7      | Found an iron altar of Okawaru.
  5924 | D:7      | Reached XP level 9. HP: 63/70 MP: 9/9
  5931 | D:7      | Reached skill level 14 in Axes
  6354 | D:7      | Reached ** piety under Qazlal
  6419 | D:7      | Reached skill level 15 in Axes
  6908 | D:8      | Found a hide-covered altar of Uskayaw.
  6984 | D:8      | Reached skill level 16 in Axes
  7104 | D:8      | Found Tian's Antique Weapon Boutique.
  7123 | D:8      | Found a flagged portal.
  7132 | Bailey   | Entered a bailey
  7346 | Bailey   | Noticed an orc knight
  7365 | Bailey   | Killed an orc knight
  7365 | Bailey   | Reached skill level 17 in Axes
  7365 | Bailey   | Reached XP level 10. HP: 21/77 MP: 10/10
  7620 | Bailey   | Found an iron altar of Okawaru.
  7698 | D:8      | Found a staircase to the Lair.
  7711 | D:8      | Reached *** piety under Qazlal
  7909 | D:8      | Found a basalt altar of Yredelemnul.
  8325 | D:5      | Bought a +2 vampiric battleaxe for 441 gold pieces
  8468 | Lair:1   | Entered Level 1 of the Lair of Beasts
  8490 | Lair:1   | Found a gate leading to a gauntlet.
  8509 | Gauntlet | Entered a Gauntlet
  8509 | Gauntlet | Found a transporter.
  8509 | Gauntlet | Found a transporter.
  8509 | Gauntlet | Noticed a death scarab
  8526 | Gauntlet | Found a transporter.
  8530 | Gauntlet | Found a transporter.
  8539 | Gauntlet | Noticed an orange crystal statue
  8540 | Gauntlet | Found a transporter.
  8541 | Gauntlet | Found the +3 crown of Dyrovepreva {rElec Int+2 SInv}
  8544 | Gauntlet | Found a transporter.
  8553 | Gauntlet | Noticed a death ooze
  8554 | Gauntlet | Found a transporter.
  8576 | Gauntlet | Found a transporter.
  8578 | Gauntlet | Noticed a large abomination
  8594 | Gauntlet | Found a transporter.
  8628 | Gauntlet | Found a transporter.
  8628 | Gauntlet | Noticed a thrashing horror
  8629 | Gauntlet | Noticed a thrashing horror
  8644 | Gauntlet | Found a transporter.
  8648 | Gauntlet | Found a transporter.
  8649 | Gauntlet | Noticed a spectral five-headed hydra
  8892 | Gauntlet | Noticed a death scarab
  8894 | Gauntlet | Noticed a death scarab
  8895 | Gauntlet | Noticed a death scarab
  8904 | Gauntlet | Lost intelligence.
  8909 | Gauntlet | Killed an orange crystal statue
  8909 | Gauntlet | Reached skill level 5 in Fighting
  9227 | Gauntlet | Killed a death ooze
  9227 | Gauntlet | Reached skill level 18 in Axes
  9286 | Gauntlet | Identified the +4 scale mail "Vustefyh" {Slay+5}
  9286 | Gauntlet | Identified the ring of Daheah {rElec rN+ MR+ Int-4}
  9286 | Gauntlet | Noticed a minotaur
  9295 | Gauntlet | Mangled by a minotaur

Levels and vault maps discovered:
D:1:      dpeg_arrival_tiny_h, layout_loops_cross
D:2:      layout_basic
D:3:      gammafunk_wand_slinger, layout_basic
D:4:      minmay_opposing_rooms, layout_rooms, lemuel_temple_firewalk_b,
          dk_noncrumbling_3
D:5:      layout_basic, first_ration, serial_shops, nicolae_shop_waterfront,
          shop
D:6:      layout_basic
D:7:      layout_basic, okawaru_ov_weapons_minmay
D:8:      layout_cave_pools, eat_drink_and_be_merry_uskayaw, old_standard_altar,
          serial_shops, shop, enter_bailey_7
Temple:   nicolae_temple_elliptical
Lair:1:   layout_cave_pods, gauntlet_entry_generic, pond
Gauntlet: gammafunk_gauntlet_hard_choice [nicolae_gauntlet_arena_x,
          gammafunk_gauntlet_arena_grid, nicolae_gauntlet_arena_quarters,
          nicolae_gauntlet_arena_t_cross, nicolae_gauntlet_arena_flowing_pool,
          nicolae_gauntlet_swirl, nicolae_gauntlet_exit_dead_adventurers]

Skill      XL: |  1  2  3  4  5  6  7  8  9 10 |
---------------+-------------------------------+-----
Axes           | 3 5 6 8 9 11 13 17 18 | 18.4
Fighting       | 7 |  7.2
Armour         | |  3.2
Shields        | |  3.2

Action                   |  1- 3 |  4- 6 |  7- 9 | 10-12 || total
-------------------------+-------+-------+-------+-------++-------
Melee: War axe           |    78 |   178 |   339 |    46 ||   641
       Battleaxe         |       |       |       |    39 ||    39
Throw: Dart              |       |       |     3 |     3 ||     6
Evoke: Wand              |       |       |     3 |     1 ||     4
  Use: Scroll            |       |     3 |     6 |     2 ||    11
       Potion            |       |       |     5 |     3 ||     8
  Eat: Chunk             |       |     8 |     6 |     6 ||    20
       Ration            |       |       |     2 |     1 ||     3
Armor: Scale mail        |    54 |    88 |    18 |       ||   160
       Plate armour      |       |       |   123 |    51 ||   174
Dodge: Dodged            |    31 |    68 |    77 |    25 ||   201
Block: Shield            |    56 |    91 |   208 |    17 ||   372
       Other             |       |       |       |     8 ||     8
